 Dungeon Crawl Stone Soup version 0.30-a0-782-ge64f9170bb (webtiles) character file.

Game seed: 8345781162894668895

35438 Anon1729 the Severer (level 13, -1/113 (118) HPs)
             Began as a Minotaur Monk on Feb 22, 2023.
             Was an Elder of Qazlal.
             Shot with an arrow by a minotaur (9 damage)
             ... in a Gauntlet.
             The game lasted 00:19:05 (15670 turns).

Anon1729 the Severer (Minotaur Monk)               Turns: 15670, Time: 00:19:05

HP:   -1/113 (118)  AC: 17    Str: 19    XL:     13   Next: 47%
MP:   13/22         EV:  8    Int: 11    God:    Qazlal [****..]
Gold: 866           SH:  5    Dex: 13    Spells: 12/12 levels left

rFire   . . .      SeeInvis .    G - +0 war axe
rCold   . . .      Faith    .    (no shield)
rNeg    . . .      Spirit   .    m - +0 plate armour
rPois   .          Reflect  .    D - +1 hat
rElec   .          Harm     .    M - +0 cloak
rCorr   .          Rampage  .    (no gloves)
Will    +....      NoTele   +    (no boots) Stlth
                                 N - amulet of the acrobat
HPRegen 1.18/turn                o - ring of flight
MPRegen 0.18/turn                V - ring of willpower

@: flying, lightly drained, repel missiles
A: horns 2, retaliatory headbutt, clever 1, regeneration 1, screaming 1, subdued
magic 1
a: Renounce Religion, Upheaval, Elemental Force


You were in a Gauntlet.
You worshipped Qazlal.
Qazlal was greatly pleased with you.
You visited 3 branches of the dungeon, and saw 15 of its levels.
You also visited: Gauntlet.

You collected 866 gold pieces.

Inventory:

Hand Weapons
 a - a +0 hand axe
 y - a +0 heavy hand axe
 A - the +9 dagger of Dismay {flame, rF+ Dex+3}
   (You found it in a Gauntlet)

   Dex:       It affects your dexterity (+3).
   rF:        It protects you from fire.
 G - a +0 war axe (weapon)
Missiles
 r - 2 throwing nets (quivered)
Armour
 b - an orb of guile
 m - a +0 plate armour (worn)
 D - a +1 hat (worn)
 M - a +0 cloak (worn)
Jewellery
 g - a ring of wizardry
 l - a ring of positive energy
 o - a ring of flight (left hand)
 u - an amulet of magic regeneration
 w - an amulet of guardian spirit
 B - a ring of wizardry
 N - an amulet of the acrobat (around neck)
 V - a ring of willpower (right hand)
 Y - the amulet "Kysirio" {Reflect rN++ Dex+4 Slay-6 SH+5 SInv}
   (You found it in a Gauntlet)

   [amulet of reflection]

   It reflects blocked missile attacks.
   Dex:       It affects your dexterity (+4).
   Slay:      It affects your accuracy & damage with ranged weapons and melee
   (-6).
   rN:        It greatly protects you from negative energy.
   SInv:      It lets you see invisible.
   SH:        It affects your SH (+5).
Wands
 v - a wand of polymorph (4)
 K - a wand of mindburst (15)
 S - a wand of roots (4)
 U - a wand of digging (2)
 W - a wand of flame (8)
Scrolls
 e - 7 scrolls of teleportation
 f - 5 scrolls of immolation
 h - 3 scrolls of vulnerability
 i - a scroll of summoning
 k - 3 scrolls of fear
 n - 3 scrolls of poison
 x - 2 scrolls of amnesia
 E - 2 scrolls of fog
 F - 2 scrolls of enchant weapon
 H - 3 scrolls of blinking
 J - 2 scrolls of enchant armour
 L - a scroll of torment
 O - 4 scrolls of noise
 R - a scroll of identify
 X - a scroll of acquirement {unknown}
Potions
 c - 2 potions of ambrosia
 j - 4 potions of mutation
 p - 4 potions of attraction
 q - a potion of haste
 s - a potion of curing
 t - 3 potions of invisibility
 z - 2 potions of brilliance
 C - a potion of flight
 I - 2 potions of cancellation
 T - a potion of berserk rage {unknown}
Miscellaneous
 P - a lightning rod (4/4)
 Q - a phial of floods (inert)


   Skills:
 + Level 12.1 Fighting
 * Level 16.4 Axes
 + Level 11.5 Armour
 - Level 3.7 Dodging
 - Level 1.5 Stealth
 * Level 13.3 Invocations


You had 12 spell levels left.
You didn't know any spells.
Your spell library contained the following spells:

 Spells                   Type           Power      Damage    Failure   Level
 Foxfire                  Conj/Fire      0%         2x1d4     99%         1
 Sting                    Tmut/Pois      0%         1d3       99%         1
 Ensorcelled Hibernation  Hex/Ice        0%         N/A       100%        2
 Passwall                 Tmut/Erth      0%         N/A       100%        2
 Poisonous Vapours        Pois/Air       0%         N/A       100%        2
 Call Canine Familiar     Summ           0%         N/A       100%        3
 Inner Flame              Hex/Fire       0%         N/A       100%        3
 Portal Projectile        Hex/Tloc       0%         N/A       100%        3
 Swiftness                Air            0%         N/A       100%        3
 Tukima's Dance           Hex            0%         N/A       100%        3
 Vhi's Electric Charge    Tloc/Air       0%         N/A       100%        3
 Cause Fear               Hex            0%         N/A       100%        4
 Leda's Liquefaction      Hex/Erth       0%         N/A       100%        4
 Olgreb's Toxic Radiance  Pois           0%         N/A       100%        4
 Passage of Golubria      Tloc           0%         N/A       100%        4
 Arcjolt                  Conj/Air       0%         1d10      100%        5
 Fireball                 Conj/Fire      0%         3d3       100%        5
 Yara's Violent Unravell  Hex/Tmut       0%         3d3       100%        5
 Starburst                Conj/Fire      0%         6d3       100%        6
 Discord                  Hex            0%         N/A       100%        8
 Maxwell's Capacitive Co  Air            0%         ∞         100%        8


Dungeon Overview and Level Annotations

Branches:
Dungeon (11/15)            Temple (1/1) D:4            Lair (3/5) D:8
  Snake (0/4) Lair:2      Gauntlet (1/1)
  Swamp: Lair:2-3    Shoals: Lair:2-3       Orc: D:9-12

Altars:
Ashenzari
Cheibriados
Dithmenos
Elyvilon
Fedhas
Gozag
Hepliaklqana
Kikubaaqudgha
Makhleb
Nemelex Xobeh
Okawaru
Qazlal
Ru
Sif Muna
Trog
Uskayaw
Vehumet
Wu Jian
Xom
Yredelemnul
Zin
The Shining One

Shops:
D:11 :

Annotations:
Gauntlet 12 transporters


Innate Abilities, Weirdness & Mutations

You have a pair of horns on your head.
You reflexively headbutt those who attack you in melee.
Your mind is acute. (Int +4, Str/Dex -1)
Your natural rate of healing is unusually fast.
You occasionally shout uncontrollably at your foes.
Your spells are a little easier to cast, but a little less powerful.


Message History

You assume a fearsome visage.
The minotaur easily resists.
The minotaur hits you with a +3 great sword!!
* * * LOW HITPOINT WARNING * * *
The minotaur gores you but does no damage.
Press: ? - help, v - describe, . - travel
Here: a minotaur, wielding a +3 great sword, wearing a +0 plate armour and quivering silver javelins (moderately wounded)
The floor, spattered with blood.
Okay, then.
The minotaur unwields a +3 great sword.
The minotaur wields the +8 shortbow "Goblinbane" {drain, rElec rF+ Int+3}.
You sense an unholy aura.
The minotaur shoots an arrow.
You block the arrow.
Okay, then.
You feel better.
The minotaur shoots an arrow.
The arrow hits you but does no damage.
You feel drained.
Aiming: Upheaval
Press: ? - help, Dir - move target, f - minotaur
Aim: a minotaur, wielding the +8 shortbow "Goblinbane" {drain, rElec rF+ Int+3}, wearing a +0 plate armour and quivering silver javelins (moderately wounded)
A storm cloud blasts the area with cutting wind!
The cutting wind hits the minotaur!!
The minotaur is severely wounded.
The minotaur shoots an arrow.
The arrow barely misses you.
Aiming: Upheaval
Press: ? - help, Dir - move target, f/p - minotaur
Aim: a minotaur, wielding the +8 shortbow "Goblinbane" {drain, rElec rF+ Int+3}, wearing a +0 plate armour and quivering silver javelins (severely wounded) Magma suddenly erupts from the ground!
The blast of magma engulfs the minotaur!
The minotaur partially resists.
The minotaur is severely wounded.
The minotaur drinks a potion.
The minotaur is healed!
Aiming: Upheaval
Press: ? - help, Dir - move target, f/p - minotaur
Aim: a minotaur, wielding the +8 shortbow "Goblinbane" {drain, rElec rF+ Int+3}, wearing a +0 plate armour and quivering silver javelins (moderately wounded)
A storm cloud blasts the area with cutting wind!
The cutting wind hits the minotaur!!
The minotaur is severely wounded.
The minotaur is struck by lightning.
The minotaur shoots an arrow.
The arrow hits you!!
* * * LOW HITPOINT WARNING * * *
You feel drained.
You die...

#################################
8# #8##§..............§≈##8# #8#
## ####8..©.©.©.©.©.©..8#### ###
#≈...............≈#
#####.###.###.#####
###.###.###.### #.............#
#.###.###.###.# #.......@.....#
#######§####### #H# §.. ...⌠+
'⌠...# ##..⌠.# ###+##


You could see a minotaur.

Vanquished Creatures
  Gastronok (Lair:3)
  A quicksilver ooze (Gauntlet)
  Harold (D:10)
  Erolcha (D:9)
  A catoblepas (Lair:3)
  10 death yaks
  6 two-headed ogres
  An oklob plant (Gauntlet)
  A salamander (Lair:2)
  2 black mambas
  Joseph (D:7)
  6 cane toads
  3 komodo dragons
  A rime drake (Lair:2)
  A queen bee (Gauntlet)
  3 trolls
  8 blink frogs (Lair:2)
  2 shadows
  A vampire (D:11)
  A wraith (D:9)
  48 yaks
  Grum (D:9)
  3 wyverns
  2 vampire mosquitoes (D:11)
  A basilisk (Lair:1)
  3 steam dragons
  Menkaure (D:5)
  3 acid dragons
  6 water moccasins
  An ice beast (D:7)
  3 orc warriors
  A sky beast (D:7)
  2 black bears
  7 wolves
  2 ogres (D:7)
  4 centaurs
  2 kobold brigands
  14 bullfrogs
  2 gnoll sergeants
  3 scorpions
  13 wights
  16 killer bees
  An electric eel (D:10)
  5 howler monkeys
  3 lava snakes (Lair:2)
  2 gnoll boudas
  4 hounds
  11 orc priests
  Jessica (D:2)
  12 orc wizards
  6 hell rats (Lair:3)
  Robin (D:3)
  17 gnolls
  6 adders
  A shadow imp (D:6)
  3 white imps (D:8)
  2 ufetubi
  A worm (D:2)
  2 dart slugs
  35 orcs
  2 bats
  7 endoplasms
  2 giant cockroaches (D:1)
  13 goblins
  11 hobgoblins
  11 kobolds
  3 quokkas
  10 ball pythons
  3 frilled lizards
  7 rats
372 creatures vanquished.

Vanquished Creatures (others)
  2 black bears (D:8)
  An orc priest (D:8)
  2 gnolls
  An orc (D:8)
  14 demonic plants (Gauntlet)
  11 fungi
  26 plants
57 creatures vanquished.

Grand Total: 429 creatures vanquished

Notes
Turn   | Place    | Note
-------+----------+-------------------------------------------
     0 | D:1      | Anon1729 the Minotaur Monk began the quest for the Orb.
     0 | D:1      | Reached XP level 1. HP: 19/19 MP: 0/0
   430 | D:1      | Reached XP level 2. HP: 27/27 MP: 1/1
   576 | D:1      | Reached skill level 4 in Axes
   699 | D:1      | Reached skill level 1 in Armour
   832 | D:2      | Reached XP level 3. HP: 33/33 MP: 2/2
  1087 | D:2      | Noticed Jessica
  1094 | D:2      | Killed Jessica
  1258 | D:2      | Reached XP level 4. HP: 25/40 MP: 3/3
  1800 | D:3      | Noticed Robin
  1817 | D:3      | Reached skill level 5 in Axes
  1836 | D:3      | Killed Robin
  1898 | D:3      | Found a hazy altar of Hepliaklqana.
  2172 | D:4      | Found a staircase to the Ecumenical Temple.
  2226 | Temple   | Entered the Ecumenical Temple
  2238 | D:4      | Found a snail-covered altar of Cheibriados.
  2399 | D:4      | Found a blossoming altar of Fedhas.
  2400 | D:4      | Found an iron altar of Okawaru.
  2401 | D:4      | Found a stormy altar of Qazlal.
  2420 | D:4      | Became a worshipper of Qazlal Stormbringer
  2420 | D:4      | Reached * piety under Qazlal
  2420 | D:4      | Reached ** piety under Qazlal
  2460 | D:4      | Noticed an orc warrior
  2462 | D:4      | Reached XP level 5. HP: 47/47 MP: 4/4
  2601 | D:4      | Killed an orc warrior
  2602 | D:4      | Reached skill level 1 in Invocations
  2726 | D:4      | Reached XP level 6. HP: 37/55 MP: 6/6
  2905 | D:4      | Reached skill level 5 in Fighting
  2993 | D:5      | Entered Level 5 of the Dungeon
  2999 | D:5      | Reached skill level 6 in Axes
  3449 | D:5      | Reached XP level 7. HP: 61/61 MP: 8/8
  3568 | D:5      | Reached skill level 7 in Axes
  4152 | D:5      | Reached XP level 8. HP: 51/70 MP: 10/10
  4160 | D:5      | Noticed Menkaure
  4166 | D:5      | Killed Menkaure
  4609 | D:6      | Reached skill level 8 in Axes
  4667 | D:6      | Reached *** piety under Qazlal
  4759 | D:6      | Reached skill level 5 in Invocations
  4949 | D:6      | Reached skill level 5 in Armour
  5379 | D:7      | You are sucked into a shaft and drop 1 floor!
  5397 | D:8      | Reached skill level 9 in Axes
  5566 | D:8      | Reached XP level 9. HP: 31/76 MP: 12/12
  6469 | D:8      | Found a shimmering altar of Xom.
  6609 | D:8      | Reached skill level 10 in Axes
  6706 | D:8      | Found a staircase to the Lair.
  7744 | D:7      | Reached XP level 10. HP: 87/88 MP: 14/14
  7810 | D:7      | Reached **** piety under Qazlal
  7811 | D:7      | Reached skill level 11 in Axes
  8049 | D:7      | Noticed Joseph
  8062 | D:7      | Killed Joseph
  8708 | D:9      | Noticed Grum
  8729 | D:9      | Killed Grum
  8853 | D:9      | HP: 4/90 [killer bee (2)]
  8974 | D:9      | Noticed a two-headed ogre
  8984 | D:9      | Killed a two-headed ogre
  9328 | D:9      | Noticed Erolcha
  9389 | D:9      | Reached skill level 12 in Axes
  9661 | D:9      | Killed Erolcha
  9801 | D:9      | Noticed a two-headed ogre
  9807 | D:9      | Killed a two-headed ogre
  9808 | D:9      | Reached XP level 11. HP: 47/97 MP: 10/17
 10186 | D:10     | Entered Level 10 of the Dungeon
 10590 | D:10     | Noticed Harold
 10593 | D:10     | Found a shimmering blue altar of Sif Muna.
 10606 | D:10     | Killed Harold
 10630 | D:10     | Reached skill level 10 in Invocations
 10635 | D:10     | Reached skill level 13 in Axes
 10646 | D:10     | Gained mutation: You occasionally shout uncontrollably at
                  | your foes. [potion of mutation]
 10646 | D:10     | Gained mutation: Your natural rate of healing is unusually
                  | fast. [potion of mutation]
 10646 | D:10     | Gained mutation: Your spells are a little easier to cast,
                  | but a little less powerful. [potion of mutation]
 10646 | D:10     | Gained mutation: Your mind is acute. (Int +4, Str/Dex -1)
                  | [potion of mutation]
 11503 | D:11     | Noticed a two-headed ogre
 11508 | D:11     | Killed a two-headed ogre
 11545 | D:11     | Reached skill level 10 in Fighting
 11589 | D:11     | Identified the +3 chain mail of Good Intentions {-Tele
                  | Str+6 SInv}
 11674 | D:11     | Found Mycwoeng's Book Shop.
 11795 | D:11     | Noticed a two-headed ogre
 11801 | D:11     | Killed a two-headed ogre
 11892 | D:11     | Noticed a two-headed ogre
 11900 | D:11     | Killed a two-headed ogre
 12258 | D:11     | Noticed a two-headed ogre
 12267 | D:11     | Killed a two-headed ogre
 12268 | D:11     | Reached skill level 14 in Axes
 12426 | Lair:1   | Entered Level 1 of the Lair of Beasts
 12447 | Lair:1   | Reached XP level 12. HP: 102/107 MP: 19/19
 12765 | Lair:1   | Reached skill level 10 in Armour
 12780 | Lair:1   | Noticed a death yak
 12782 | Lair:1   | Noticed a death yak
 12783 | Lair:1   | Noticed a death yak
 12783 | Lair:1   | Noticed a death yak
 12783 | Lair:1   | Noticed a death yak
 12800 | Lair:1   | Noticed a death yak
 12803 | Lair:1   | Killed a death yak
 12820 | Lair:1   | Killed a death yak
 12823 | Lair:1   | Killed a death yak
 12828 | Lair:1   | Killed a death yak
 12829 | Lair:1   | Killed a death yak
 12829 | Lair:1   | Killed a death yak
 12830 | Lair:1   | Reached skill level 15 in Axes
 13592 | Lair:2   | Noticed a death yak
 13614 | Lair:2   | Killed a death yak
 13909 | Lair:2   | Noticed a death yak
 13910 | Lair:2   | Noticed a death yak
 14031 | Lair:2   | Noticed a death yak
 14047 | Lair:2   | Killed a death yak
 14048 | Lair:2   | Reached XP level 13. HP: 88/116 MP: 21/21
 14163 | Lair:2   | Found a shimmering altar of Xom.
 14462 | Lair:2   | Reached skill level 16 in Axes
 14581 | Lair:2   | Found a staircase to the Snake Pit.
 14828 | Lair:3   | Noticed Gastronok
 14849 | Lair:3   | Killed Gastronok
 14965 | Lair:3   | Found a gate leading to a gauntlet.
 14974 | Gauntlet | Entered a Gauntlet
 14974 | Gauntlet | Found a transporter.
 14984 | Gauntlet | Found a transporter.
 14999 | Gauntlet | Found a transporter.
 15002 | Gauntlet | Noticed a quicksilver ooze
 15004 | Gauntlet | Found a transporter.
 15019 | Gauntlet | Found a transporter.
 15038 | Gauntlet | Found a transporter.
 15050 | Gauntlet | Found a transporter.
 15062 | Gauntlet | Found a transporter.
 15074 | Gauntlet | Found a transporter.
 15086 | Gauntlet | Found a transporter.
 15103 | Gauntlet | Found a transporter.
 15121 | Gauntlet | Found a transporter.
 15123 | Gauntlet | Found a transporter.
 15150 | Gauntlet | Found a transporter.
 15170 | Gauntlet | Found a transporter.
 15248 | Gauntlet | Found a transporter.
 15282 | Gauntlet | Found a transporter.
 15292 | Gauntlet | Found a transporter.
 15451 | Gauntlet | Identified the +9 dagger of Dismay {flame, rF+ Dex+3}
 15529 | Gauntlet | Killed a quicksilver ooze
 15539 | Gauntlet | Identified the amulet "Kysirio" {Reflect rN++ Dex+4 Slay-6
                  | SH+5 SInv}
 15658 | Gauntlet | Identified the +8 shortbow "Goblinbane" {drain, rElec rF+
                  | Int+3}
 15658 | Gauntlet | Noticed a minotaur
 15670 | Gauntlet | Shot with an arrow by a minotaur

Illustrated notes

Levels and vault maps discovered:
D:1:      nicolae_arrival_somewhat_less_tricky_arrival, layout_basic
D:2:      layout_basic, minmay_pentomino_v4, uniq_jessica
D:3:      layout_basic, mainiacjoe_overflow_boulevard, solitary_fountain,
          uniq_robin
D:4:      layout_gridville, chequers_temple_overflow_statue_of_worship,
          minmay_temple_entry_overgrown, minivault_26, guppyfry_early_orc_mine
D:5:      layout_cave_pools, uniq_menkaure
D:6:      layout_basic
D:7:      minmay_cornered_nines, layout_gridville, wad_rectangle_vault,
          uniq_joseph
D:8:      layout_loops_cross, xom_confusion_cloud, lair_entry_dummy
D:9:      layout_roguey, chequers_serial_rivers_micro_e, serial_park_tiny_2,
          uniq_erolcha, uniq_grum
D:10:     layout_cave_pods, mainiacjoe_overflow_small_starburst,
          serial_column_ruins, column_ruins_hut, column_ruins_hut,
          column_ruins_open_small, column_ruins_open_tiny,
          column_ruins_open_small, column_ruins_open_large, serial_bayou_ford_a,
          skrybe_limestone_x, uniq_harold
D:11:     layout_stronghold, serial_shops, nicolae_shop_hallway_plus
Temple:   nicolae_temple_no_exploring_needed
Lair:1:   hellmonk_destroyed_diamonds, layout_regular_city, grunt_megastairs_2
Lair:2:   layout_roguey, nicolae_snake_entry_warm_welcome, basic_altar,
          serial_bayou_shore_b, serial_bayou_shore_b
Lair:3:   layout_chaotic_city, nicolae_shoals_entry_roost,
          gauntlet_entry_generic, wad_woods_road_06, minivault_23,
          uniq_gastronok
Gauntlet: gammafunk_gauntlet_one_two_three [gammafunk_gauntlet_arena_split_x,
          nicolae_gauntlet_swirl, nicolae_gauntlet_arena_flowing_pool,
          gammafunk_gauntlet_arena_hedges, gammafunk_gauntlet_arena_corners,
          nicolae_gauntlet_arena_t_cross, nicolae_gauntlet_arena_blocks,
          gammafunk_gauntlet_arena_mazey, gammafunk_gauntlet_arena_arrow_garden,
          gauntlet_exit_hidden_loot]

Skill      XL: |  1  2  3  4  5  6  7  8  9 10 11 12 13 |
---------------+----------------------------------------+-----
Axes           | 4 5 6 7 9 10 12 14 15 16 | 16.4
Armour         | 1 2 3 4 5 7 8 9 10 11 | 11.5
Fighting       | 4 5 6 8 9 10 11 12 | 12.1
Invocations    | 1 2 4 6 7 9 11 12 13 | 13.3
Dodging        | |  3.7
Stealth        | |  1.5

Action                     |  1- 3 |  4- 6 |  7- 9 | 10-12 | 13-15 || total
---------------------------+-------+-------+-------+-------+-------++-------
  Melee: Hand axe          |    58 |   134 |    63 |       |       ||   255
         Headbutt          |     6 |    26 |    44 |   152 |    55 ||   283
         Punch             |       |     2 |     1 |     9 |     2 ||    14
         War axe           |       |       |   245 |   553 |   189 ||   987
 Invoke: Upheaval          |       |       |     2 |     9 |     6 ||    17
  Evoke: Wand              |       |       |       |     2 |       ||     2
         Phial of floods   |       |       |       |       |     1 ||     1
    Use: Potion            |       |     2 |       |     7 |     3 ||    12
         Scroll            |       |       |       |    14 |     5 ||    19
   Stab: Sleeping          |    10 |       |       |       |       ||    10
 Armour: Robe              |     3 |       |       |       |       ||     3
         Plate armour      |     7 |   105 |   276 |   245 |    75 ||   708
  Dodge: Dodged            |    26 |    59 |   142 |   194 |    45 ||   466
         Repelled          |       |       |       |     1 |     3 ||     4
  Block: Other             |       |     9 |    72 |   103 |    35 ||   219

Table legend: (Time is in decaauts)
 A = Elapsed time spent in this place.
 B = Non-inter-level travel time spent in this place.
 C = Inter-level travel time spent in this place.
 D = Time resting spent in this place.
 E = Time spent auto-exploring this place.
 F = Levels seen in this place.
 G = Mean time per level.
                   A        B        C        D        E       F      G
               +--------+--------+--------+--------+--------+-----+--------+
         Total |  15550 |  14889 |    661 |   2377 |   9893 |  16 |  971.9 |
       Dungeon |  12438 |  11866 |    572 |   2012 |   8080 |  11 | 1130.7 |
        Temple |      1 |      1 |      0 |      0 |      0 |   1 |    1.0 |
          Lair |   2448 |   2360 |     88 |    264 |   1506 |   3 |  816.0 |
      Gauntlet |    662 |    662 |      0 |    101 |    307 |   1 |  662.0 |
               +--------+--------+--------+--------+--------+-----+--------+

Top non-repeatable levels by time:
     D:8: 1896 daAuts
     D:9: 1629 daAuts
     D:7: 1591 daAuts
     D:4: 1369 daAuts
  Lair:1: 1164 daAuts
  Lair:2: 1087 daAuts
    D:10: 1061 daAuts
     D:5: 981 daAuts
     D:2: 896 daAuts
    D:11: 869 daAuts
     D:1: 764 daAuts
     D:6: 757 daAuts
Gauntlet: 662 daAuts
     D:3: 620 daAuts
  Lair:3: 195 daAuts
